 Dungeon Crawl Stone Soup version 0.31-a0-222-gefeffbb62a (webtiles) character file.

Game seed: 13890873320275440552

11 coffeetime the Covered (level 2, -4/26 HPs)
             Began as an Armataur Fighter on July 5, 2023.
             Slain by a gnoll
             ... wielding a +0 flail
              (7 damage)
             ... on level 2 of the Dungeon.
             The game lasted 00:01:43 (944 turns).

coffeetime the Covered (Armataur Fighter)            Turns: 944, Time: 00:01:44

Health: -4/26      AC:  7    Str: 21    XL:     2   Next: 13%
Magic:  2/2        EV:  7    Int:  8    God:
Gold:   58         SH:  4    Dex:  9    Spells: 1/1 levels left

rFire   . . .        g - +3 short sword
rCold   . . .        c - +0 buckler
rNeg    . . .        b - +0 scale mail
rPois   .            (no helmet)
rElec   .            (no cloak)
rCorr   .            (no gloves)
SInv    .            (no barding)
Will    .....        (no amulet) Stlth
                     (no ring)
HPRegen 0.24/turn    (no ring)
MPRegen 0.08/turn

%: roll
@: no status effects
A: large, rugged brown scales 3, deformed body, armoured tail, roll, long
tongue, awkward tongue
a: no special abilities


You were on level 2 of the Dungeon.
You visited 1 branch of the dungeon, and saw 2 of its levels.

You collected 58 gold pieces.

Inventory:

Hand Weapons
 a - a +0 flail
 g - a +3 short sword (weapon)
Armour
 b - a +0 scale mail (worn)
 c - a +0 buckler (worn)
Scrolls
 e - a scroll of amnesia {unknown}
Potions
 d - a potion of might
 f - a potion of heal wounds {unknown}
 h - 2 potions of curing {unknown}


   Skills:
 + Level 2.8 Fighting
 - Level 1.8 Maces & Flails
 + Level 3.8 Armour
 + Level 3.7 Shields


You had one spell level left.
You didn't know any spells.
Your spell library contained the following spells:

 Spells                   Type           Power      Damage    Failure   Level
 Summon Forest            Summ/Tloc      0%         N/A       100%        5
 Eringya's Noxious Bog    Tmut/Pois      0%         N/A       100%        6
 Summon Hydra             Summ           0%         N/A       100%        7


Dungeon Overview and Level Annotations

Branches:
Dungeon (2/15)

Altars:

Shops:
D:1 (


Innate Abilities, Weirdness & Mutations

You are completely covered in rugged brown scales. (AC +3, +7% HP)
Armour fits poorly on your strangely shaped body.
You have a long armoured tail.
You roll when moving toward enemies. (Rampage)
Your long tongue fully drains potion bottles. (2x potion effects)
Your tongue gives you trouble enunciating. (1.5x scroll delay)


Message History

No target in view!
There is an open door here.
Things that are here:
a +0 short sword; 5 stones; a kobold corpse You open the door.
There is an open door here.
A hobgoblin comes into view.
A hobgoblin is nearby!
A hobgoblin is nearby!
You closely miss the hobgoblin.
The hobgoblin hits you but does no damage.
You hit the hobgoblin but do no damage. The hobgoblin hits you.
You closely miss the hobgoblin.
The hobgoblin hits you but does no damage.
You hit the hobgoblin but do no damage. The hobgoblin hits you.
You hit the hobgoblin.
You kill the hobgoblin!
No target in view!
No target in view!
HP restored.
There is a stone staircase leading up here.
Found a stone staircase leading down.
A gnoll comes into view. It is wielding a +0 flail.
The gnoll moves out of view.
No target in view!
You now have 58 gold pieces (gained 11). 3 gnolls come into view.
The gnoll shouts! x2; You hear a shout!
A gnoll comes into view. It is wielding a +0 club.
The gnoll attacks as you move away! The gnoll barely misses you.
The gnoll attacks as you move away! The gnoll hits you with a +0 flail.
The gnoll attacks as you move away! The gnoll hits you with a +0 flail.
The gnoll attacks as you move away! The gnoll hits you with a +0 flail.
There is a stone staircase leading down here.
The gnoll attacks as you move away! The gnoll hits you with a +0 flail!
The gnoll attacks as you move away! The gnoll barely misses you.
The gnoll attacks as you move away! The gnoll hits you with a +0 flail!
* * * LOW HITPOINT WARNING * * *
The gnoll attacks as you move away! The gnoll hits you with a +0 flail!
You die...

#.......# #g#
#.#####.# #.#
##.#####.####g#
##...#......g..#
#......##g###### ##
##...#.##># ..
##.##.##g#
#.##....g..#
#....@g.####
####.#### #.# #.#
#.# ###### #<#
#....######## #.#
#.##.#......#
##.####.##.#.####.#
#........#.#.# #.#


You could see 3 gnolls.

Vanquished Creatures
  A ball python (D:1)
  2 endoplasms (D:1)
  A giant cockroach (D:1)
  A goblin (D:1)
  A hobgoblin (D:2)
  2 kobolds
  A rat (D:1)
9 creatures vanquished.

Notes
Turn   | Place    | Note
-------+----------+-------------------------------------------
     0 | D:1      | coffeetime the Armataur Fighter began the quest for the
                  | Orb.
     0 | D:1      | Reached XP level 1. HP: 19/19 MP: 1/1
   196 | D:1      | Found Vulud's Weapon Shoppe.
   713 | D:1      | Reached XP level 2. HP: 26/26 MP: 2/2
   944 | D:2      | Slain by a gnoll

Illustrated notes

Levels and vault maps discovered:
D:1:      matt_arrival_refuge, layout_loops_ring, serial_shops,
          nicolae_shop_just_a_little_nook, chequers_mini_garden,
          minmay_misc_feat_ornament, minmay_misc_feat_square
D:2:      layout_loops_corners, minmay_ruptured

Action                     || total
---------------------------++-------
  Melee: Short sword       ||    18
         Flail             ||     8
         Tailslap          ||     3
 Armour: Scale mail        ||     9
  Dodge: Dodged            ||     5
  Block: Buckler           ||     4

Table legend: (Time is in decaauts)
 A = Elapsed time spent in this place.
 B = Non-inter-level travel time spent in this place.
 C = Inter-level travel time spent in this place.
 D = Time resting spent in this place.
 E = Time spent auto-exploring this place.
 F = Levels seen in this place.
 G = Mean time per level.
                   A        B        C        D        E       F      G
               +--------+--------+--------+--------+--------+-----+--------+
         Total |    946 |    842 |    104 |      0 |    747 |   2 |  473.0 |
       Dungeon |    946 |    842 |    104 |      0 |    747 |   2 |  473.0 |
               +--------+--------+--------+--------+--------+-----+--------+

Top non-repeatable levels by time:
     D:1: 808 daAuts
     D:2: 137 daAuts
